 Dungeon Crawl Stone Soup version 0.21-a0-361-g4efd3f9 (webtiles) character file.

73 tidbits the Charmwright (level 4, 38/38 HPs)
             Began as a Gnoll Skald on Oct 13, 2017.
             Quit the game on level 2 of the Dungeon.
             The game lasted 00:06:15 (799 turns).

tidbits the Charmwright (Gnoll Skald)                Turns: 799, Time: 00:06:16

Health: 38/38      AC:  3    Str: 13    XL:     4   Next: 27%
Magic:  11/11      EV: 14    Int: 16    God:
Gold:   147        SH:  0    Dex: 15    Spells: 2/13 levels left

rFire    . . .     SeeInvis .   a - +0 hand axe
rCold    . . .     Gourm    .   (no shield)
rNeg     . . .     Faith    .   b - +0 leather armour
rPois    .         Spirit   .   (no helmet)
rElec    .         Reflect  .   (no cloak)
rCorr    +         Harm     .   (no gloves)
MR       .....                  (no boots)
Stlth    ++........             (no amulet)
HPRegen  0.12/turn              m - ring of resist corrosion
MPRegen  0.12/turn              (no ring)

@: no status effects
A: distributed training, fangs 1, strong nose
a: no special abilities


You were on level 2 of the Dungeon.
You were not hungry.

You visited 1 branch of the dungeon, and saw 3 of its levels.

You collected 147 gold pieces.

Inventory:

Hand Weapons
 a - a +0 hand axe (weapon)
 t - a +0 blowgun
Missiles
 l - 16 arrows
 p - 55 stones (quivered)
Armour
 b - a +0 leather armour (worn)
Jewellery
 m - a ring of resist corrosion (left hand)
   (You found it on level 2 of the Dungeon)
Scrolls
 e - 3 scrolls of remove curse {unknown}
 h - 2 scrolls of recharging {unknown}
 i - a scroll of fear {unknown}
 k - 3 scrolls of teleportation {unknown}
 o - a scroll of enchant armour {unknown}
 s - a scroll of identify {unknown}
Potions
 g - 3 potions of invisibility {unknown}
 j - a potion of haste {unknown}
 q - a potion of lignification {unknown}
 r - a potion of brilliance {unknown}
Books
 c - a book of Battle

   Spells                             Type                      Level
   a - Infusion                       Charms                       1
   b - Shroud of Golubria             Charms/Translocation         2
   c - Song of Slaying                Charms                       2
   d - Spectral Weapon                Hexes/Charms                 3
   e - Regeneration                   Charms/Necromancy            3
Comestibles
 d - 3 bread rations
 f - 3 fruits
 n - a meat ration


   Skills:
 + Level 4.6 Fighting
 + Level 1.0 Short Blades
 + Level 1.0 Long Blades
 + Level 4.6 Axes
 + Level 1.0 Maces & Flails
 + Level 1.0 Polearms
 + Level 1.0 Staves
 + Level 1.0 Slings
 + Level 1.0 Bows
 + Level 1.0 Crossbows
 + Level 1.0 Throwing
 + Level 2.7 Armour
 + Level 4.6 Dodging
 + Level 1.0 Stealth
 + Level 1.0 Shields
 + Level 1.0 Unarmed Combat
 + Level 5.0 Spellcasting
 + Level 0.8 Conjurations
 + Level 0.8 Hexes
 + Level 5.4 Charms
 + Level 0.8 Summonings
 + Level 0.8 Necromancy
 + Level 0.8 Translocations
 + Level 0.8 Transmutations
 + Level 0.8 Fire Magic
 + Level 0.8 Ice Magic
 + Level 0.8 Air Magic
 + Level 0.8 Earth Magic
 + Level 0.8 Poison Magic
 + Level 1.1 Invocations
 + Level 1.0 Evocations


You had 2 spell levels left.
You knew the following spells:

 Your Spells              Type           Power        Failure   Level  Hunger
g - Shroud of Golubria    Chrm/Tloc      ##........   8%          2    #......
i - Infusion              Chrm           ###.         1%          1    None
r - Regeneration          Chrm/Necr      ##........   16%         3    ###....
w - Spectral Weapon       Hex/Chrm       ##......     16%         3    ###....
y - Song of Slaying       Chrm           ###.....     3%          2    #......


Dungeon Overview and Level Annotations

Branches:
Dungeon (3/15)

Altars:
Vehumet


Innate Abilities, Weirdness & Mutations

Your experience applies equally to all skills.
You have very sharp teeth.
Your uncanny sense of smell can sniff out nearby items.


Message History

You kill the frilled lizard!
You are no longer magically infusing your attacks.
Found a stone staircase leading down.
A bat comes into view.
There is a stone staircase leading down here.
The bat misses you.
You climb downwards.
A goblin, a hobgoblin and a kobold come into view.
The hobgoblin shouts!
Found 17 gold pieces.
Found a stone staircase leading up.
There is a stone staircase leading up here.
Casting: Infusion
Confirm with . or Enter, or press ? or * to list all spells.
You draw out your weapon's spirit!
The goblin shouts!
The kobold shouts!
You hear a shout!
The kobold barely misses you.
A bat comes into view.
You hit the kobold.
The kobold is severely wounded.
Your spectral weapon hits the kobold but does no damage.
The kobold misses you.
You slash the goblin!
You kill the goblin!
You hit the kobold.
You kill the kobold!
The bat hits you but does no damage.
Unknown command.
The bat completely misses you.
The bat hits your spectral weapon but does no damage.
You hit the bat but do no damage. You bite the bat.
The bat is moderately wounded.
The bat hits you but does no damage.
Your spectral weapon hits the bat.
You kill the bat!
You hit the hobgoblin.
You kill the hobgoblin!
Things that are here:
a blowgun; 23 poisoned needles; a kobold corpse
t - a blowgun
There is a stone staircase leading up here.
Found 2 scrolls labeled FECUZOO DU COS.
p - 55 stones (gained 18)
Items here: ))) †† a club; an enchanted dagger; a hunting sling; a hobgoblin corpse a goblin corpse
Found a flail.
A rat comes into view.
You see here 17 gold pieces.
You now have 147 gold pieces (gained 17).
You barely miss the rat.
Your spectral weapon hits the rat.
You kill the rat!
Your spectral weapon fades away.
k - 3 scrolls labeled FECUZOO DU COS (gained 2)
An orc comes into view. It is wielding a falchion.
There is a stone staircase leading up here.
You climb upwards.
There is a stone staircase leading down here.
A giant cockroach comes into view.
Casting: Spectral Weapon
Confirm with . or Enter, or press ? or * to list all spells.
You begin infusing your attacks with magical energy.
The giant cockroach barely misses you.
You hit the giant cockroach!
You kill the giant cockroach!
You see here a giant cockroach corpse.
A frilled lizard comes into view.
The frilled lizard hisses angrily.
The frilled lizard closely misses you.
You hit the frilled lizard!
You kill the frilled lizard!
A frilled lizard comes into view.
Your magical infusion is running out.
The helpless frilled lizard fails to defend itself.
You hit the frilled lizard!
You kill the frilled lizard!
You are no longer magically infusing your attacks.
A kobold comes into view. It is wielding a dagger.
The kobold shouts!
The kobold hits you with a dagger.
You hit the kobold.
The kobold is severely wounded.
The kobold hits you but does no damage.
You closely miss the kobold.
The kobold is severely wounded.
The kobold hits you but does no damage.
You closely miss the kobold.
The kobold is severely wounded.
The kobold hits you with a dagger.
You hit the kobold but do no damage. You bite the kobold, but do no damage.
The kobold is severely wounded.
The kobold barely misses you.
You closely miss the kobold.
The kobold is severely wounded.
The kobold hits you with a dagger.
You closely miss the kobold.
The kobold is severely wounded.
The kobold closely misses you.
You hit the kobold.
You kill the kobold!
You see here a dagger.
Are you sure you want to abandon this character and quit the game? (Confirm with "yes".)

############ #.##.#
#..........###.##..
#.#######.......... #.#
####.....#..... #.#
#..........#... .# #.#
#.##.....#.##.# .# #.#
#.###...##..... .#
#.###.###..######.# #.#
#.@.........# ##'# # #.#
#####..####.# ##... ## ###.###
#####..## .###.... .## ##.#...#
#.......### ##.....
..####...##.###.###.....#.#......
..'.......................+......
..####...##.###.###.......#......
.## ##.###.# #.# #...#.####.....
## ### #.# #.###..## ##....


There were no monsters in sight!

Vanquished Creatures
  A worker ant (D:2)
  An adder (D:2)
  2 leopard geckos
  2 ball pythons
  2 giant cockroaches
  4 hobgoblins
  3 jackals (D:1)
  2 quokkas (D:2)
  A bat (D:3)
  4 frilled lizards (D:2)
  4 goblins
  8 kobolds
  3 rats
37 creatures vanquished.

Notes
Turn   | Place    | Note
-------+----------+-------------------------------------------
     0 | D:1      | tidbits the Gnoll Skald began the quest for the Orb.
     0 | D:1      | Reached XP level 1. HP: 20/20 MP: 6/6
    63 | D:1      | Reached XP level 2. HP: 16/26 MP: 0/7
    68 | D:1      | Learned a level 2 spell: Song of Slaying
    71 | D:1      | Learned a level 2 spell: Shroud of Golubria
   145 | D:1      | You fall through a shaft!
   175 | D:2      | Found a radiant altar of Vehumet.
   345 | D:2      | Reached skill level 5 in Spellcasting
   345 | D:2      | Reached XP level 3. HP: 29/31 MP: 1/9
   350 | D:2      | Learned a level 3 spell: Regeneration
   354 | D:2      | Learned a level 3 spell: Spectral Weapon
   603 | D:2      | Reached skill level 1 in Short Blades
   603 | D:2      | Reached skill level 1 in Long Blades
   603 | D:2      | Reached skill level 1 in Maces & Flails
   603 | D:2      | Reached skill level 1 in Polearms
   603 | D:2      | Reached skill level 1 in Staves
   603 | D:2      | Reached skill level 1 in Slings
   603 | D:2      | Reached skill level 1 in Bows
   603 | D:2      | Reached skill level 1 in Crossbows
   603 | D:2      | Reached skill level 1 in Throwing
   603 | D:2      | Reached skill level 1 in Stealth
   603 | D:2      | Reached skill level 1 in Shields
   603 | D:2      | Reached skill level 1 in Unarmed Combat
   603 | D:2      | Reached skill level 1 in Invocations
   603 | D:2      | Reached skill level 1 in Evocations
   603 | D:2      | Reached XP level 4. HP: 38/38 MP: 7/11
   799 | D:2      | Quit the game

Vault maps used:
D:1:      dpeg_arrival_arbitrary_b
D:2:      lemuel_crystal_altar, first_bread, kennysheep_cross_room
D:3:      overflow_temple_1_default, uniq_crazy_yiuf_cottage

Skill      XL: |  1  2  3 |
---------------+----------+-----
Spellcasting   | 5 |  5.0
Short Blades   | 1 |  1.0
Long Blades    | 1 |  1.0
Maces & Flails | 1 |  1.0
Polearms       | 1 |  1.0
Staves         | 1 |  1.0
Slings         | 1 |  1.0
Bows           | 1 |  1.0
Crossbows      | 1 |  1.0
Throwing       | 1 |  1.0
Stealth        | 1 |  1.0
Shields        | 1 |  1.0
Unarmed Combat | 1 |  1.0
Invocations    | 1 |  1.1
Evocations     | 1 |  1.0
Fighting       | |  4.6
Axes           | |  4.6
Armour         | |  2.7
Dodging        | |  4.6
Conjurations   | |  0.8
Hexes          | |  0.8
Charms         | |  5.4
Summonings     | |  0.8
Necromancy     | |  0.8
Translocations | |  0.8
Transmutations | |  0.8
Fire Magic     | |  0.8
Ice Magic      | |  0.8
Air Magic      | |  0.8
Earth Magic    | |  0.8
Poison Magic   | |  0.8

Action                   |  1- 3 |  4- 6 || total
-------------------------+-------+-------++-------
Melee: Hand axe          |    51 |    25 ||    76
       Bite              |     4 |     2 ||     6
 Cast: Infusion          |     9 |     2 ||    11
       Spectral Weapon   |     2 |     1 ||     3
 Stab: Sleeping          |       |     1 ||     1
Armor: Leather armour    |     5 |     4 ||     9
Dodge: Dodged            |    38 |    12 ||    50

Table legend:
 A = Spawn XP
 B = Non-spawn XP
 C = Spawn XP percentage of total XP
 D = Spawn monster count
 E = Non-spawn monster count
 F = Spawn count percentage of total count
 G = Total turns spent on level
                    A         B        C        D         E        F      G
               +---------+---------+-------+---------+---------+-------+---------
         Total |       0 |     105 |   0.0 |       0 |      37 |   0.0 |   799
               +---------+---------+-------+---------+---------+-------+---------
           D:1 |       0 |      24 |   0.0 |       0 |      14 |   0.0 |   280
           D:2 |       0 |      73 |   0.0 |       0 |      18 |   0.0 |   490
           D:3 |       0 |       8 |   0.0 |       0 |       5 |   0.0 |    29
               +---------+---------+-------+---------+---------+-------+---------

Table legend:
 A = Turns spent in this place as a percentage of turns spent in the entire game.
 B = Non-inter-level travel turns spent in this place as a percentage of non-inter-level travel turns spent in the entire game.
 C = Inter-level travel turns spent in this place as a percentage of turns spent in this place.
 D = Turns resting spent in this place as a percentage of non-inter-level travel turns spent in this place.
 E = Turns spent auto-exploring this place as a percentage of non-inter-level travel turns spent in this place.
 F = Non-inter-level travel turns spent in this place divided by the number of levels of this place that you've seen.
                   A       B       C       D       E      F
               +-------+-------+-------+-------+-------+----------------------
         Total | 100.0 | 100.0 |   4.1 |   0.0 |   0.0 | 255.3
       Dungeon | 100.0 | 100.0 |   4.1 |   0.0 |   0.0 | 255.3
               +-------+-------+-------+-------+-------+----------------------

Table legend:
 A = Kills in this place as a percentage of kills in entire the game.
 B = Kills by you in this place as a percentage of kills by you in the entire game.
 C = Kills by friends in this place as a percentage of kills by friends in the entire game.
 D = Other kills in this place as a percentage of other kills in the entire game.
 E = Experience gained in this place as a percentage of experience gained in the entire game.
 F = Experience gained in this place divided by the number of levels of this place that you have seen.
                   A       B       C       D       E      F
               +-------+-------+-------+-------+-------+----------------------
         Total | 100.0 | 100.0 |   N/A |   N/A | 100.0 |  35.0
       Dungeon | 100.0 | 100.0 |   N/A |   N/A | 100.0 |  35.0
               +-------+-------+-------+-------+-------+----------------------

Vault maps used:
D:1:      dpeg_arrival_arbitrary_b
D:2:      lemuel_crystal_altar, first_bread, kennysheep_cross_room
D:3:      overflow_temple_1_default, uniq_crazy_yiuf_cottage
